 Dungeon Crawl Stone Soup version 0.26.0-45-g9c1d065592 (webtiles) character file.

Game seed: 12957497122773404456

14 kaeus the Sneak (level 2, -6/15 HPs)
             Began as a Vampire Enchanter on Jan 28, 2021.
             Mangled by a gnoll
             ... wielding a +0 whip
              (12 damage)
             ... on level 1 of the Dungeon.
             The game lasted 00:02:43 (747 turns).

kaeus the Sneak (Vampire Enchanter)                  Turns: 747, Time: 00:02:43

Health: -6/15      AC:  2    Str:  7    XL:     2   Next: 27%
Magic:  5/5        EV: 13    Int: 17    God:
Gold:   26         SH:  0    Dex: 14    Spells: 4/5 levels left

rFire    . . .     SeeInvis +   a - +1 dagger
rCold    + + .     Faith    .   (no shield)
rNeg     + + +     Spirit   .   b - +0 robe
rPois    ∞         Reflect  .   (no helmet)
rElec    .         Harm     .   (no cloak)
rCorr    .         Rampage  .   (no gloves)
Will     .....                  (no boots)
Stlth    +++++.....             i - amulet of regeneration
HPRegen  0.00/turn              (no ring)
MPRegen  0.09/turn              (no ring)

@: bloodless
A: fangs 3, see invisible, unbreathing
a: Revivify


You were on level 1 of the Dungeon.
You visited 1 branch of the dungeon, and saw 1 of its levels.

You collected 26 gold pieces.

Inventory:

Hand Weapons
 a - a +1 dagger (weapon)
Armour
 b - a +0 robe (worn)
 k - a +0 kite shield
Jewellery
 i - an amulet of regeneration (around neck)
Scrolls
 d - a scroll of fear {unknown}
 f - a scroll of immolation {unknown}
 g - 3 scrolls of identify {unknown}
 h - a scroll of remove curse {unknown}
 j - a scroll of fog {unknown}
 l - a scroll of magic mapping {unknown}
 n - a scroll of blinking {unknown}
Potions
 c - a potion of lignification {unknown}
 e - a potion of curing {unknown}
 m - a potion of flight {unknown}


   Skills:
 + Level 1.4 Short Blades
 + Level 2.3 Dodging
 * Level 4.9 Stealth
 + Level 2.1 Spellcasting
 + Level 4.6 Hexes


You had 4 spell levels left.
You knew the following spells:

 Your Spells              Type           Power        Failure   Level
a - Corona                Hex            18%          3%          1

Your spell library contained the following spells:

 Spells                   Type           Power        Failure   Level
 Confusing Touch          Hex            17%          9%          3
 Tukima's Dance           Hex            17%          9%          3
 Ensorcelled Hibernation  Hex/Ice        18%          11%         2
 Dazzling Flash           Conj/Hex       18%          22%         3


Dungeon Overview and Level Annotations

Branches:
Dungeon (1/15)

Altars:


Innate Abilities, Weirdness & Mutations

You do not regenerate when monsters are visible.
You are frail without blood (-20% HP).
You can heal yourself when you bite living creatures.
You are immune to poison.
You have razor-sharp teeth.
You have supernaturally acute eyesight. (SInv)
You can survive without breathing.


Message History

There is a stone staircase leading down here.
You miss the kobold. The kobold closely misses you.
You closely miss the kobold. The kobold hits you with a +0 whip.
You take 5 damage, and have 10/15 hp.
MASSIVE DAMAGE!!
You hit the kobold.
You kill the kobold!
You see here a +0 whip.
The gnoll hits you with a +0 whip.
You take 4 damage, and have 6/15 hp.
MASSIVE DAMAGE!!
You closely miss the gnoll. The gnoll completely misses you.
You barely miss the gnoll. The gnoll misses you.
You see here a +0 whip.
There is a stone staircase leading down here.
You see here a +0 club.
A bat comes into view.
You see here 27 stones.
You see here a +0 club.
You hit the gnoll but do no damage. The gnoll hits you with a +0 whip!
Ouch! That really hurt!
You die...

#.#.##### #.#.#
####.#.#####
#...)......#
#.####.###.######
#.# #........... #.#
#.###.###### ##g#
#.# #.#
###@#.###.###.#
#..###.......(#
#.#.#.#.#####.#
#.##.##.# #.# #.#
.##.# #.#
#.##.##.#####.######
#.##................
#.#####.#.###.######
#.# #.# #.#


You could see a gnoll.

Vanquished Creatures
  2 bats (D:1)
  A giant cockroach (D:1)
  2 hobgoblins (D:1)
  3 kobolds (D:1)
  3 goblins (D:1)
  A rat (D:1)
12 creatures vanquished.

Notes
Turn   | Place    | Note
-------+----------+-------------------------------------------
     0 | D:1      | kaeus the Vampire Enchanter began the quest for the Orb.
     0 | D:1      | Reached XP level 1. HP: 13/13 MP: 3/3
   374 | D:1      | Reached XP level 2. HP: 9/15 MP: 3/5
   747 | D:1      | Mangled by a gnoll

Illustrated notes

Levels and vault maps discovered:
D:1:      wander_arrival_abandoned_jail, layout_loops_ring, minmay_pentomino_w4

Action                   || total
-------------------------++-------
Melee: Dagger            ||    69
       Bite              ||     8
 Cast: Corona            ||     1
 Abil: Exsanguinate      ||     1
 Stab: Sleeping          ||     1
Armor: Robe              ||    12
Dodge: Dodged            ||    49
